 Dungeon Crawl Stone Soup version 0.31-a0-408-gb642c7f9a3 (webtiles) character file.

Game seed: 13175175986279929115

380 arthad the Digger (level 6, -2/35 HPs)
             Began as a Gargoyle Earth Elementalist on July 29, 2023.
             Was an Initiate of Cheibriados.
             Killed from afar by an orc wizard (8 damage)
             ... with a magic dart
             ... on level 5 of the Dungeon.
             The game lasted 00:06:36 (4252 turns).

arthad the Digger (Gargoyle Earth Elementalist)     Turns: 4252, Time: 00:06:36

Health: -2/35      AC:  6    Str: 12    XL:     6   Next: 75%
Magic:  3/10       EV: 12    Int: 27    God:    Cheibriados [......]
Gold:   166        SH:  5    Dex: 15    Spells: 5/11 levels left

rFire   + + +        q - +0 war axe of Context {pain, rF+++ Int+2 Dex+4 Stlth-}
rCold   . . .        (no shield)
rNeg    + . .        a - +0 robe
rPois   ∞            (no helmet)
rElec   +            (no cloak)
rCorr   .            (no gloves)
SInv    .            (no boots)
Will    .....        m - amulet of reflection
Stlth   +            n - +6 ring of intelligence
HPRegen 0.25/turn    (no ring)
MPRegen 0.12/turn

%: reflection
@: very slow
A: sickness immunity, AC +4, negative energy resistance 1, electricity
resistance, torment resistance 1, petrification resistance
a: Renounce Religion


You were on level 5 of the Dungeon.
You worshipped Cheibriados.
Cheibriados was noncommittal.
You visited 2 branches of the dungeon, and saw 6 of its levels.

You collected 166 gold pieces.

Inventory:

Hand Weapons
 q - the +0 war axe of Context (weapon) {pain, rF+++ Int+2 Dex+4 Stlth-}
   (You found it on level 3 of the Dungeon)

   Int:       It affects your intelligence (+2).
   Dex:       It affects your dexterity (+4).
   rF:        It renders you almost immune to fire.
   Stlth:     It makes you less stealthy.
Armour
 a - a +0 robe (worn)
Jewellery
 m - an amulet of reflection (around neck)
 n - a +6 ring of intelligence (left hand)
Wands
 o - a wand of roots (10)
 s - a wand of flame (17)
Scrolls
 c - a scroll of brand weapon {unknown}
 f - 4 scrolls of fear {unknown}
 g - 2 scrolls of vulnerability {unknown}
 h - a scroll of amnesia {unknown}
 i - 3 scrolls of teleportation {unknown}
 j - 2 scrolls of identify {unknown}
 t - a scroll of immolation {unknown}
 v - a scroll of noise {unknown}
Potions
 b - a potion of magic
 d - 2 potions of attraction
 e - a potion of invisibility
 k - a potion of curing
 l - a potion of brilliance {unknown}
 p - a potion of might {unknown}
 r - a potion of berserk rage {unknown}
 u - a potion of degeneration {unknown}


   Skills:
 + Level 2.0 Fighting
 + Level 2.0 Armour
 + Level 2.2 Dodging
 + Level 3.2 Stealth
 * Level 3.2 Spellcasting
 * Level 2.3 Conjurations
 + Level 1.7 Transmutations
 * Level 4.9 Earth Magic


You had 5 spell levels left.
You knew the following spells:

 Your Spells              Type           Power      Damage    Failure   Level
a - Sandblast             Erth           62%        2d14      1%          1
b - Passwall              Tmut/Erth      18%        N/A       3%          2
c - Stone Arrow           Conj/Erth      48%        3d10      6%          3

Your spell library contained the following spells:

 Spells                   Type           Power      Damage    Failure   Level
 Petrify                  Tmut/Erth      22%        N/A       22%         4
 Frozen Ramparts          Ice            8%         1d2       26%         3
 Olgreb's Toxic Radiance  Pois           4%         N/A       65%         4
 Metabolic Englaciation   Hex/Ice        2%         N/A       94%         5
 Discord                  Hex            2%         N/A       100%        8
 Ignition                 Fire           2%         3d3       100%        8


Dungeon Overview and Level Annotations

Branches:
Dungeon (5/15)             Temple (1/1) D:4

Altars:
Ashenzari
Cheibriados
Dithmenos
Elyvilon
Fedhas
Hepliaklqana
Makhleb
Okawaru
Qazlal
Sif Muna
Uskayaw
Wu Jian
Xom
The Shining One


Innate Abilities, Weirdness & Mutations

You are immune to sickness and miasma.
Your stone body is resilient. (AC +4)
You are immune to poison.
You resist negative energy. (rN+)
You are resistant to electric shocks. (rElec)
You are resistant to unholy torment.
You are immune to petrification.


Message History

You are confused.
The orc completely misses you.
You're too confused to cast spells.
You're too confused to cast spells.
You're too confused to cast spells.
You bump into the rock wall.
Something hits you. The orc hits you with a +0 short sword.
Something barely misses you.
You hear some strange, mumbled words.
A puff of flame appears from out of thin air!
The puff of flame hits you. You resist. The orc hits you with a +0 short sword.
You bump into the rock wall.
Something hits you. The orc hits you with a +0 short sword.
You bump into the rock wall.
Something hits you but does no damage. The orc hits you but does no damage.
You bump into the rock wall.
Something hits you but does no damage. The orc misses you.
You bump into the rock wall.
Something hits you but does no damage. The orc hits you with a +0 short sword.
You're too confused to move!
You feel less confused. Something hits you but does no damage.
The orc closely misses you.
Okay, then.
Aiming: Sandblast (safe; 1% risk of failure)
Press: ? - help, Q - select action, (/) - cycle Shift-Dir - straight line, p - orc You hear some strange, mumbled words.
A magic dart appears from out of thin air!
The magic dart hits you. You block the orc's attack.
Aiming: Sandblast (safe; 1% risk of failure)
Press: ? - help, Q - select action, (/) - cycle Shift-Dir - straight line, f - orc
Aim: an orc, wielding a +0 short sword and wearing a +0 chain mail (lightly wounded, 88% to hit)
The blast of sand hits the orc but does no damage.
The orc is lightly wounded.
Something hits you but does no damage. The orc hits you with a +0 short sword.
* * * LOW HITPOINT WARNING * * *
The orc hits you but does no damage.
You hear some strange, mumbled words.
A magic dart appears from out of thin air!
The magic dart hits you!
You die...

#.........#
#.........#
#.........#
#........<#
######......#
#....#......#
#....#......#
#....#......#
#...@#......#
#..{o#......# ###
##...#......#
.....##'##......#
....))†.........#
................#
^...............#
................#
................#


You could see an orc.

Vanquished Creatures
  2 scorpions
  A hound (D:4)
  An orc priest (D:4)
  An iguana (D:5)
  Natasha (twice) (D:4)
  An orc wizard (D:4)
  An adder (D:3)
  A worm (D:3)
  2 dart slugs (D:1)
  8 orcs
  6 bats
  3 endoplasms
  3 giant cockroaches (D:1)
  12 goblins
  4 hobgoblins (D:1)
  7 jackals
  8 kobolds
  3 quokkas
  7 ball pythons
  4 frilled lizards
  A rat (D:1)
78 creatures vanquished.

Vanquished Creatures (others)
  Natasha (D:4)
1 creature vanquished.

Grand Total: 79 creatures vanquished

Notes
Turn   | Place    | Note
-------+----------+-------------------------------------------
     0 | D:1      | arthad the Gargoyle Earth Elementalist began the quest for
                  | the Orb.
     0 | D:1      | Reached XP level 1. HP: 10/10 MP: 3/3
   163 | D:1      | Reached XP level 2. HP: 15/15 MP: 1/5
   412 | D:1      | Reached skill level 1 in Transmutations
   445 | D:1      | Reached skill level 4 in Earth Magic
   445 | D:1      | Reached XP level 3. HP: 12/20 MP: 2/6
  1052 | D:1      | Reached skill level 1 in Armour
  1547 | D:2      | Learned a level 2 spell: Passwall
  1551 | D:2      | Learned a level 3 spell: Stone Arrow
  1578 | D:2      | Found a blossoming altar of Fedhas.
  1788 | D:2      | Reached skill level 1 in Fighting
  2020 | D:3      | Reached XP level 4. HP: 25/25 MP: 5/7
  2366 | D:3      | Found a shadowy altar of Dithmenos.
  2397 | D:3      | Identified the +0 war axe of Context {pain, rF+++ Int+2
                  | Dex+4 Stlth-}
  2949 | D:4      | Noticed Natasha
  2956 | D:4      | Killed Natasha
  2957 | D:4      | Reached skill level 1 in Conjurations
  2957 | D:4      | Reached XP level 5. HP: 21/29 MP: 3/9
  3226 | D:4      | Killed Natasha
  3252 | D:4      | Found a staircase to the Ecumenical Temple.
  3404 | Temple   | Entered the Ecumenical Temple
  3423 | Temple   | Became a worshipper of Cheibriados the Contemplative
  3618 | D:4      | Reached XP level 6. HP: 35/35 MP: 6/10
  3655 | D:4      | Noticed Natasha
  3656 | D:4      | Killed Natasha
  4158 | D:5      | Entered Level 5 of the Dungeon
  4252 | D:5      | Killed from afar by an orc wizard

Illustrated notes

Levels and vault maps discovered:
D:1:      wheals_arrival_linesprint, layout_basic
D:2:      layout_loops_cross, basic_altar
D:3:      layout_basic, nicolae_dithmenos_through_a_glass_darkly
D:4:      layout_basic, lemuel_temple_firewalk_b, eino_tiny_chamber,
          minmay_misc_feat_chi, abandoned_shop, uniq_natasha
D:5:      layout_gridville, chequers_temple_overflow_statue_of_worship,
          uniq_ijyb, uniq_blork_the_orc
Temple:   oiseaux_autumnal_temple

Skill      XL: |  1  2  3  4  5  6 |
---------------+-------------------+-----
Transmutations | 1 |  1.7
Earth Magic    | 4 |  4.9
Armour         | 1 2 |  2.0
Fighting       | 1 2 |  2.0
Conjurations   | 1 2 |  2.3
Dodging        | 2 |  2.2
Stealth        | 3 |  3.2
Spellcasting   | 3 |  3.2

Action                     |  1- 3 |  4- 6 || total
---------------------------+-------+-------++-------
  Melee: Unarmed           |    31 |       ||    31
         War axe           |       |     3 ||     3
   Cast: Sandblast         |    63 |    56 ||   119
    Use: Potion            |       |     3 ||     3
 Armour: Robe              |    35 |    22 ||    57
  Dodge: Dodged            |    42 |    23 ||    65
  Block: Other             |     2 |     9 ||    11
         Reflection        |       |     1 ||     1

Table legend: (Time is in decaauts)
 A = Elapsed time spent in this place.
 B = Non-inter-level travel time spent in this place.
 C = Inter-level travel time spent in this place.
 D = Time resting spent in this place.
 E = Time spent auto-exploring this place.
 F = Levels seen in this place.
 G = Mean time per level.
                   A        B        C        D        E       F      G
               +--------+--------+--------+--------+--------+-----+--------+
         Total |   4506 |   4243 |    263 |     92 |   3646 |   6 |  751.0 |
       Dungeon |   4462 |   4242 |    220 |     92 |   3646 |   5 |  892.4 |
        Temple |     43 |      1 |     42 |      0 |      0 |   1 |   43.0 |
               +--------+--------+--------+--------+--------+-----+--------+

Top non-repeatable levels by time:
     D:4: 1451 daAuts
     D:1: 1272 daAuts
     D:3: 881 daAuts
     D:2: 748 daAuts
     D:5: 109 daAuts
  Temple: 43 daAuts
